| TOP OF THE 1ST |
|
Colorado Avalanche batting - Pitching for Madison Brewers : LHP Tim Phillips
|
|
Pitching: LHP Tim Phillips
|
|
|
Batting: RHB Kevin Tangeman
|
0-0: Called Strike 0-1: Ball 1-1: Ball 2-1: Ball 3-1: Fly out, F7 (Flyball, 7LM, EV 94.4 MPH)
|
|
Batting: RHB Bob Hayes
|
0-0: Foul Ball, location: 2F 0-1: Fly out, F8 (Flyball, 8LD, EV 98.8 MPH)
|
|
Batting: SHB Brad Madden
|
0-0: Called Strike 0-1: Foul Ball, location: 2F 0-2: Fly out, F7 (Flyball, 78M, EV 80.0 MPH)
|
| Top of the 1st over - 0 runs, 0 hits, 0 errors, 0 left on base; Colorado 0 - Madison 0 |
| BOTTOM OF THE 1ST |
|
Madison Brewers batting - Pitching for Colorado Avalanche : RHP Zach Sommer
|
|
Pitching: RHP Zach Sommer
|
|
|
Batting: LHB Rick Campbell
|
0-0: Ball 1-0: Fly out, F9 (Flyball, 9, EV 85.6 MPH)
|
|
Batting: RHB Drew Forbess
|
0-0: Ball 1-0: Ball 2-0: Ball 3-0: Called Strike 3-1: Base on Balls
|
|
Batting: SHB Aaron Neill
|
0-0: Ball 1-0: Ball 2-0: Called Strike 2-1: Fly out, F6 (Line Drive, 6, EV 64.4 MPH)
|
|
Batting: SHB Jerry Duffy
|
0-0: Called Strike 0-1: Ground out 4-3 (Groundball, 4S, EV 93.1 MPH)
|
| Bottom of the 1st over - 0 runs, 0 hits, 0 errors, 1 left on base; Colorado 0 - Madison 0 |
| TOP OF THE 2ND |
|
Colorado Avalanche batting - Pitching for Madison Brewers : LHP Tim Phillips
|
|
Batting: RHB Dan Hoffman
|
0-0: Ball 1-0: Ball 2-0: Swinging Strike 2-1: Ground out 5-3 (Groundball, 5, EV 90.6 MPH)
|
|
Batting: SHB Justin Jackson
|
0-0: Ball 1-0: Ball 2-0: Ball 3-0: Called Strike 3-1: Ground out 6-3 (Groundball, 6, EV 97.5 MPH)
|
|
Batting: RHB Yamashita Yagi
|
0-0: Ball 1-0: Fly out, F8 (Flyball, 89S, EV 91.2 MPH)
|
| Top of the 2nd over - 0 runs, 0 hits, 0 errors, 0 left on base; Colorado 0 - Madison 0 |
| BOTTOM OF THE 2ND |
|
Madison Brewers batting - Pitching for Colorado Avalanche : RHP Zach Sommer
|
|
Batting: LHB Steven Donovan
|
0-0: Ball 1-0: Swinging Strike 1-1: Ball 2-1: Foul Ball, location: 2F 2-2: Ball 3-2: DOUBLE (Flyball, 7LM, EV 91.9 MPH)
|
|
Batting: SHB Ramon Perez
|
0-0: Ground out 4-3 (Groundball, 4, EV 102.5 MPH) Steven Donovan to third
|
|
Batting: RHB Chris Fruit
|
0-0: Called Strike 0-1: Ball 1-1: Foul Ball, location: 2F 1-2: Foul Ball, location: 2F 1-2: Ball 2-2: Foul Ball, location: 2F 2-2: Foul Ball, location: 2F 2-2: DOUBLE (Popup, 6MD, EV 48.8 MPH) Steven Donovan scores
|
|
Batting: RHB Alfredo Sena
|
0-0: Called Strike 0-1: Fly out, F9 (Flyball, 89M, EV 94.4 MPH)
|
|
Batting: RHB Justin Marino
|
0-0: Ball 1-0: Ball 2-0: Fly out, F7 (Flyball, 7LS, EV 86.2 MPH)
|
| Bottom of the 2nd over - 1 run, 2 hits, 0 errors, 1 left on base; Colorado 0 - Madison 1 |
| TOP OF THE 3RD |
|
Colorado Avalanche batting - Pitching for Madison Brewers : LHP Tim Phillips
|
|
Batting: LHB Paul McClintock
|
0-0: Ball 1-0: Swinging Strike 1-1: Ground out 4-3 (Groundball, 4, EV 109.4 MPH)
|
|
Batting: SHB Craig Ruzic
|
0-0: Ball 1-0: Ball 2-0: SINGLE (Line Drive, 34D, EV 94.4 MPH)
|
|
Batting: SHB Clayton Saunders
|
0-0: Foul Ball, location: 2F 0-1: Ball 1-1: Ball 2-1: Swinging Strike 2-2: Ball 3-2: Foul Ball, location: 2F 3-2: Strikes out looking
|
|
Batting: RHB Kevin Tangeman
|
0-0: Called Strike 0-1: Called Strike 0-2: Ground out 1-3 (Groundball, 13S, EV 63.8 MPH)
|
| Top of the 3rd over - 0 runs, 1 hit, 0 errors, 1 left on base; Colorado 0 - Madison 1 |
| BOTTOM OF THE 3RD |
|
Madison Brewers batting - Pitching for Colorado Avalanche : RHP Zach Sommer
|
|
Batting: LHB Rick Campbell
|
0-0: Ball 1-0: Ball 2-0: Ball 3-0: Called Strike 3-1: Base on Balls
|
|
Batting: RHB Drew Forbess
|
0-0: Ball Rick Campbell is caught stealing 2nd base 2-4 1-0: Ball 2-0: Ball 3-0: Base on Balls
|
|
Batting: SHB Aaron Neill
|
0-0: Ball 1-0: Ball 2-0: Ball 3-0: Called Strike 3-1: Foul Ball, location: 2F 3-2: Base on Balls Drew Forbess to second
|
|
Batting: SHB Jerry Duffy
|
0-0: Called Strike 0-1: Foul Ball, location: 2F 0-2: Ball 1-2: Strikes out swinging
|
|
Batting: LHB Steven Donovan
|
0-0: Ball 1-0: Ball 2-0: Ball 3-0: Base on Balls Drew Forbess to third Aaron Neill to second
|
|
Batting: SHB Ramon Perez
|
0-0: Foul Ball, location: 2F 0-1: Fly out, F5 (Popup, 5F, EV 76.2 MPH)
|
| Bottom of the 3rd over - 0 runs, 0 hits, 0 errors, 3 left on base; Colorado 0 - Madison 1 |
| TOP OF THE 4TH |
|
Colorado Avalanche batting - Pitching for Madison Brewers : LHP Tim Phillips
|
|
Batting: RHB Bob Hayes
|
0-0: Ball 1-0: Ball 2-0: Ball 3-0: Called Strike 3-1: Swinging Strike 3-2: Foul Ball, location: 2F 3-2: Strikes out looking
|
|
Batting: SHB Brad Madden
|
0-0: SINGLE (Line Drive, 5D, EV 102.5 MPH)
|
|
Batting: RHB Dan Hoffman
|
0-0: SINGLE (Flyball, 8RS, EV 90.6 MPH) Brad Madden to second
|
|
Batting: SHB Justin Jackson
|
0-0: Ball 1-0: Foul Ball, location: 2F 1-1: Swinging Strike 1-2: DOUBLE (Line Drive, 7LM, EV 103.8 MPH) Brad Madden scores Dan Hoffman to third
|
|
Batting: RHB Yamashita Yagi
|
0-0: Ball 1-0: Foul Ball, location: 2F 1-1: Foul Ball, location: 2F 1-2: Ball 2-2: SINGLE (Line Drive, 6D, EV 105.6 MPH) Dan Hoffman scores Justin Jackson to third Runner from 3rd tries for Home, throw by CF and OUT! 8-2
|
|
Batting: LHB Paul McClintock
|
0-0: Ball 1-0: Ball 2-0: Called Strike 2-1: Ground out U3 (Groundball, 3S, EV 90.0 MPH)
|
| Top of the 4th over - 2 runs, 4 hits, 0 errors, 1 left on base; Colorado 2 - Madison 1 |
| BOTTOM OF THE 4TH |
|
Madison Brewers batting - Pitching for Colorado Avalanche : RHP Zach Sommer
|
|
Batting: RHB Chris Fruit
|
0-0: Ball 1-0: Foul Ball, location: 2F 1-1: Called Strike 1-2: Ball 2-2: Ball 3-2: Single, Error in OF, E7, batter to second base (Groundball, 56D, EV 105.6 MPH)
|
|
Pitching: RHP Josh Lofgreen
|
|
|
Batting: RHB Alfredo Sena
|
0-0: Called Strike 0-1: Ball 1-1: Fly out, F7 (Flyball, 7, EV 93.8 MPH)
|
|
Pinch Hitting: LHB Sal Burgos
|
0-0: Ball 1-0: Ball 2-0: Fly out, F9 (Flyball, 9S, EV 93.8 MPH)
|
|
Batting: LHB Rick Campbell
|
0-0: Called Strike 0-1: Swinging Strike 0-2: Ball 1-2: Ball 2-2: Ball 3-2: Base on Balls
|
|
Batting: RHB Drew Forbess
|
0-0: Fly out, F9 (Flyball, 9S, EV 86.2 MPH)
|
| Bottom of the 4th over - 0 runs, 1 hit, 1 error, 2 left on base; Colorado 2 - Madison 1 |
| TOP OF THE 5TH |
|
Colorado Avalanche batting - Pitching for Madison Brewers : LHP Tim Phillips
|
|
Now at SS: Jesus Menjivar
|
|
|
Batting: SHB Craig Ruzic
|
0-0: Ball 1-0: Fly out, F9 (Flyball, 9LM, EV 86.2 MPH)
|
|
Batting: SHB Clayton Saunders
|
0-0: Called Strike 0-1: Foul Ball, location: 2F 0-2: Foul Ball, location: 2F 0-2: Strikes out swinging
|
|
Batting: RHB Kevin Tangeman
|
0-0: Ball 1-0: Ground out 5-3 (Groundball, 56, EV 84.4 MPH)
|
| Top of the 5th over - 0 runs, 0 hits, 0 errors, 0 left on base; Colorado 2 - Madison 1 |
| BOTTOM OF THE 5TH |
|
Madison Brewers batting - Pitching for Colorado Avalanche : RHP Josh Lofgreen
|
|
Batting: SHB Aaron Neill
|
0-0: Ball 1-0: Foul Ball, location: 2F 1-1: Ball 2-1: Ground out 4-3 (Groundball, 4, EV 98.8 MPH)
|
|
Batting: SHB Jerry Duffy
|
0-0: Ball 1-0: Foul Ball, location: 2F 1-1: Called Strike 1-2: Fly out, F9 (Flyball, 89S, EV 83.1 MPH)
|
|
Batting: LHB Steven Donovan
|
0-0: Ball 1-0: Ball 2-0: Called Strike 2-1: Foul Ball, location: 2F 2-2: Ground out 4-3 (Groundball, 4, EV 85.0 MPH)
|
| Bottom of the 5th over - 0 runs, 0 hits, 0 errors, 0 left on base; Colorado 2 - Madison 1 |
| TOP OF THE 6TH |
|
Colorado Avalanche batting - Pitching for Madison Brewers : LHP Tim Phillips
|
|
Batting: RHB Bob Hayes
|
0-0: Ball 1-0: Called Strike 1-1: Ball 2-1: DOUBLE (Groundball, 5L, EV 95.0 MPH)
|
|
Batting: SHB Brad Madden
|
0-0: Called Strike 0-1: DOUBLE (Line Drive, 8RXD, EV 111.2 MPH) Bob Hayes scores
|
|
Batting: RHB Dan Hoffman
|
0-0: Ball 1-0: Called Strike 1-1: Called Strike 1-2: Foul Ball, location: 2F 1-2: Foul Ball, location: 2F 1-2: Ball 2-2: Foul Ball, location: 2F 2-2: Foul Ball, location: 2F 2-2: Ground out 6-3 (Groundball, 6, EV 102.5 MPH)
|
|
Batting: SHB Justin Jackson
|
0-0: Ball 1-0: Ground out 6-3 (Groundball, 6, EV 83.1 MPH)
|
|
Batting: RHB Yamashita Yagi
|
0-0: Called Strike 0-1: Swinging Strike 0-2: Strikes out swinging
|
| Top of the 6th over - 1 run, 2 hits, 0 errors, 1 left on base; Colorado 3 - Madison 1 |
| BOTTOM OF THE 6TH |
|
Madison Brewers batting - Pitching for Colorado Avalanche : RHP Josh Lofgreen
|
|
Batting: SHB Ramon Perez
|
0-0: Ball 1-0: Foul Ball, location: 2F 1-1: Ball 2-1: Foul Ball, location: 2F 2-2: Foul Ball, location: 2F 2-2: Fly out, F6 (Popup, 6MD, EV 68.8 MPH)
|
|
Batting: RHB Chris Fruit
|
0-0: Ball 1-0: Foul Ball, location: 2F 1-1: SOLO HOME RUN (Flyball, 7LD, EV 89.4 MPH), Distance : 332 ft
|
|
Batting: RHB Alfredo Sena
|
0-0: Ball 1-0: Foul Ball, location: 2F 1-1: Foul Ball, location: 2F 1-2: Ball 2-2: Ball 3-2: Base on Balls
|
|
Pinch Hitting: SHB Sam Bingham
|
0-0: Called Strike 0-1: Ground out 4-3 (Groundball, 4MS, EV 68.1 MPH) Alfredo Sena to second
|
|
Batting: LHB Rick Campbell
|
0-0: Called Strike 0-1: Ball Balk! Alfredo Sena to third 1-1: Ball 2-1: Called Strike 2-2: Ball Wild Pitch! Alfredo Sena scores 3-2: Foul Ball, location: 2F 3-2: Fly out, F5 (Flyball, 5D, EV 84.4 MPH)
|
| Bottom of the 6th over - 2 runs, 1 hit, 0 errors, 0 left on base; Colorado 3 - Madison 3 |
| TOP OF THE 7TH |
|
Colorado Avalanche batting - Pitching for Madison Brewers : LHP Tim Phillips
|
|
Now at 2B: Sam Bingham
|
|
|
Now at SS: Rick Campbell
|
|
|
Batting: LHB Paul McClintock
|
0-0: Foul Ball, location: 2F 0-1: Ball 1-1: Ball 2-1: Swinging Strike 2-2: Ground out U3 (Groundball, 34, EV 99.4 MPH)
|
|
Batting: SHB Craig Ruzic
|
0-0: Ball 1-0: Ball 2-0: Ball 3-0: Called Strike 3-1: Base on Balls
|
|
Pinch Hitting: RHB Ray Insley
|
0-0: Foul Ball, location: 2F 0-1: SINGLE (Line Drive, 5, EV 63.8 MPH) (infield hit) Craig Ruzic to second
|
|
Batting: RHB Kevin Tangeman
|
0-0: Foul Ball, location: 2F 0-1: Ball 1-1: SINGLE (Groundball, 56D, EV 115.0 MPH) Craig Ruzic to third Ray Insley to second
|
|
Pitching: RHP Omar Morales
|
|
|
Pinch Hitting: LHB Georges Lambert
|
0-0: Called Strike 0-1: Ball 1-1: Ball 2-1: Foul Ball, location: 2F 2-2: Strikes out looking
|
|
Batting: SHB Brad Madden
|
0-0: Ball 1-0: Ball 2-0: Ball 3-0: Called Strike 3-1: Base on Balls Craig Ruzic scores Ray Insley to third Kevin Tangeman to second
|
|
Batting: RHB Dan Hoffman
|
0-0: DOUBLE (Line Drive, 7LM, EV 100.0 MPH) Ray Insley scores Kevin Tangeman scores Brad Madden to third
|
|
Batting: SHB Justin Jackson
|
0-0: Ball 1-0: SINGLE (Line Drive, 5D, EV 93.8 MPH) Brad Madden scores Dan Hoffman to third Runner from 3rd tries for Home, SAFE, throw by LF to home
|
|
Batting: RHB Yamashita Yagi
|
0-0: Ball 1-0: Ball 2-0: Called Strike 2-1: Swinging Strike 2-2: Foul Ball, location: 2F 2-2: Ball 3-2: Strikes out swinging
|
| Top of the 7th over - 5 runs, 4 hits, 0 errors, 1 left on base; Colorado 8 - Madison 3 |
| BOTTOM OF THE 7TH |
|
Madison Brewers batting - Pitching for Colorado Avalanche : RHP Josh Lofgreen
|
|
Now at 2B: John Corfield
|
|
|
Now at SS: Justin Jackson
|
|
|
Now in LF: Ray Insley
|
|
|
Batting: RHB Drew Forbess
|
0-0: Ground out 5-3 (Groundball, 5S, EV 63.8 MPH)
|
|
Batting: SHB Aaron Neill
|
0-0: Ground out 6-3 (Groundball, 6, EV 87.5 MPH)
|
|
Batting: SHB Jerry Duffy
|
0-0: SINGLE (Line Drive, 9S, EV 108.8 MPH)
|
|
Batting: LHB Steven Donovan
|
0-0: Called Strike 0-1: Ball 1-1: Fly out, F9 (Line Drive, 9, EV 96.9 MPH)
|
| Bottom of the 7th over - 0 runs, 1 hit, 0 errors, 1 left on base; Colorado 8 - Madison 3 |
| TOP OF THE 8TH |
|
Colorado Avalanche batting - Pitching for Madison Brewers : RHP Omar Morales
|
|
Batting: LHB Paul McClintock
|
0-0: Ball 1-0: Fly out, F4 (Flyball, 34D, EV 85.0 MPH)
|
|
Batting: SHB Craig Ruzic
|
0-0: Ball 1-0: Called Strike 1-1: Fly out, F8 (Flyball, 8LD, EV 100.6 MPH)
|
|
Pitching: LHP Tony Salazar
|
|
|
Batting: RHB Ray Insley
|
0-0: Swinging Strike 0-1: Foul Ball, location: 2F 0-2: Ball 1-2: Ball 2-2: Ground out 4-3 (Groundball, 6M, EV 98.8 MPH)
|
| Top of the 8th over - 0 runs, 0 hits, 0 errors, 0 left on base; Colorado 8 - Madison 3 |
| BOTTOM OF THE 8TH |
|
Madison Brewers batting - Pitching for Colorado Avalanche : RHP Josh Lofgreen
|
|
Batting: SHB Ramon Perez
|
0-0: SINGLE (Line Drive, 89S, EV 101.9 MPH)
|
|
Batting: RHB Chris Fruit
|
0-0: DOUBLE (Flyball, 78D, EV 87.5 MPH) Ramon Perez to third
|
|
Pinch Hitting: SHB C.J. Olivares
|
0-0: Ball 1-0: SINGLE (Line Drive, 6D, EV 100.0 MPH) Ramon Perez scores Chris Fruit to third
|
|
Batting: SHB Sam Bingham
|
0-0: Called Strike 0-1: 3-RUN HOME RUN (Flyball, 9D, EV 101.9 MPH), Distance : 398 ft
|
|
Pitching: RHP Kevin McKasson
|
|
|
Batting: LHB Rick Campbell
|
0-0: SINGLE (Flyball, 6D, EV 93.8 MPH)
|
|
Batting: RHB Drew Forbess
|
0-0: Called Strike 0-1: Ball 1-1: Swinging Strike 1-2: Grounds into double play, 5-4-3 (Groundball, 5L, EV 104.4 MPH)
|
|
Batting: SHB Aaron Neill
|
0-0: Ball 1-0: Ball 2-0: Foul Ball, location: 2F 2-1: Foul Ball, location: 2F 2-2: SINGLE (Line Drive, 9LS, EV 104.4 MPH)
|
|
Batting: SHB Jerry Duffy
|
0-0: Ball 1-0: Ball 2-0: Hit by Pitch Aaron Neill to second
|
|
Batting: LHB Steven Donovan
|
0-0: Foul Ball, location: 2F 0-1: Ball 1-1: Ground out 4-3 (Groundball, 34, EV 90.0 MPH)
|
| Bottom of the 8th over - 4 runs, 6 hits, 0 errors, 2 left on base; Colorado 8 - Madison 7 |
| TOP OF THE 9TH |
|
Colorado Avalanche batting - Pitching for Madison Brewers : LHP Tony Salazar
|
|
Now in LF: C.J. Olivares
|
|
|
Batting: RHB Kevin Tangeman
|
0-0: Ball 1-0: Swinging Strike 1-1: Ball 2-1: Foul Ball, location: 2F 2-2: Strikes out swinging
|
|
Batting: RHB John Corfield
|
0-0: DOUBLE (Line Drive, 7LD, EV 108.8 MPH)
|
|
Batting: SHB Brad Madden
|
0-0: Ball 1-0: Ball 2-0: Hit by Pitch
|
|
Pinch Runner at 2nd Rich McDonald:
|
|
|
Batting: RHB Dan Hoffman
|
0-0: Called Strike 0-1: Foul Ball, location: 2F 0-2: Ball 1-2: SINGLE (Line Drive, 78S, EV 111.9 MPH) Rich McDonald to third Brad Madden to second Runner from 3rd tries for Home, SAFE, throw by LF to home
|
|
Pitching: RHP Joe Gonzales
|
|
|
Batting: SHB Justin Jackson
|
0-0: Ball 1-0: Fly out, F6 (Popup, 6, EV 61.9 MPH)
|
|
Batting: RHB Yamashita Yagi
|
0-0: Called Strike 0-1: Ball 1-1: Foul Ball, location: 2F 1-2: Ground out 4-3 (Groundball, 4, EV 90.0 MPH)
|
| Top of the 9th over - 1 run, 2 hits, 0 errors, 2 left on base; Colorado 9 - Madison 7 |
| BOTTOM OF THE 9TH |
|
Madison Brewers batting - Pitching for Colorado Avalanche : RHP Kevin McKasson
|
|
Now at 2B: Maurice Moore
|
|
|
Batting: SHB Ramon Perez
|
0-0: SINGLE (Flyball, 4D, EV 96.9 MPH)
|
|
Batting: RHB Chris Fruit
|
0-0: Ball 1-0: Ball Wild Pitch! Ramon Perez to second 2-0: Foul Ball, location: 2F 2-1: Reached on error, E5 (Groundball, 56, EV 91.9 MPH) Ramon Perez to third
|
|
Batting: SHB C.J. Olivares
|
0-0: Foul Ball, location: 2F 0-1: Swinging Strike 0-2: Ball 1-2: Foul Ball, location: 2F 1-2: Grounds into double play, 6-4-3 (Groundball, 6, EV 109.4 MPH) Ramon Perez scores
|
|
Batting: SHB Sam Bingham
|
0-0: Ball 1-0: Ball 2-0: Fly out, F8 (Flyball, 8RXD, EV 84.4 MPH)
|
| Bottom of the 9th over - 1 run, 1 hit, 1 error, 0 left on base; Colorado 9 - Madison 8 |
|